 Dungeon Crawl Stone Soup version 0.21-a0-525-ga34b322 (webtiles) character file.

121 Dawnplanks the Skirmisher (level 4, -2/36 HPs)
             Began as a Demonspawn Abyssal Knight on Dec 6, 2017.
             Was a Believer of Lugonu.
             Slain by a worm (6 damage)
             ... on level 3 of the Dungeon on Dec 7, 2017.
             The game lasted 00:04:46 (2866 turns).

Dawnplanks the Skirmisher (DsAK)                    Turns: 2866, Time: 00:04:47

Health: -2/36      AC:  4    Str: 14    XL:     4   Next: 76%
Magic:  6/6        EV: 12    Int: 13    God:    Lugonu [**....]
Gold:   144        SH:  0    Dex: 12    Spells: 3/3 levels left

rFire    . . .     SeeInvis .   a - +1 falchion
rCold    . . .     Gourm    .   (no shield)
rNeg     . . .     Faith    .   b - +0 leather armour
rPois    .         Spirit   .   (no helmet)
rElec    .         Reflect  .   l - +0 cloak
rCorr    .         Harm     .   (no gloves)
MR       .....                  (no boots)
Stlth    +.........             (no amulet)
HPRegen  0.12/turn              (no ring)
MPRegen  0.10/turn              (no ring)

@: lethally poisoned (-2 -> -3)
A: claws 1
a: Depart the Abyss, Bend Space, Renounce Religion


You were on level 3 of the Dungeon.
You worshipped Lugonu.
Lugonu was pleased with you.
You were not hungry.

You visited 1 branch of the dungeon, and saw 3 of its levels.
You visited the Abyss 1 time.

You collected 144 gold pieces.

Inventory:

Hand Weapons
 a - a +1 falchion (weapon)
Armour
 b - a +0 leather armour (worn)
 l - a +0 cloak (worn)
Jewellery
 i - an uncursed ring of fire
Scrolls
 d - a scroll of identify {unknown}
 e - a scroll of enchant weapon {unknown}
 f - 3 scrolls of remove curse {unknown}
 g - 2 scrolls of magic mapping {unknown}
 j - a scroll of fog {unknown}
 o - a scroll of immolation {unknown}
Potions
 h - 2 potions of magic {unknown}
 m - 2 potions of resistance {unknown}
Comestibles
 c - 3 bread rations
 k - 3 fruits
 n - 2 chunks of flesh


   Skills:
 + Level 3.6 Fighting
 + Level 2.4 Long Blades
 + Level 2.6 Armour
 + Level 2.0 Dodging
 + Level 3.6 Invocations


You had 3 spell levels left.
You didn't know any spells.

Dungeon Overview and Level Annotations

Branches:
Dungeon (3/15)

Altars:


Innate Abilities, Weirdness & Mutations

You have sharp fingernails.


Message History

You miss the adder.
The adder is lightly wounded.
The human zombie barely misses you. The adder barely misses you.
The worm bites you but does no damage.
You miss the adder.
The adder is lightly wounded.
The adder bites you. The human zombie hits you!
* * * LOW HITPOINT WARNING * * *
You hit the adder.
The adder is severely wounded.
You feel sick. The adder closely misses you.
The human zombie barely misses you. The adder barely misses you.
The worm barely misses you.
You closely miss the adder.
The adder is severely wounded.
The adder bites you but does no damage. The human zombie barely misses you.
You riposte.
You hit the human zombie.
The human zombie is lightly damaged.
The adder barely misses you. The worm bites you.
You die...

#.#. ..###.# #.#.
......#
.##...##.....$#
....#......#.#
#...........# .#.
#...........#
....
#.....S.....#
...##....@w.....#
#..##.....Z.....#
#..##...........#
#..##...........#
#......##'##8....
#####......####
.....
#..........# ....
#.####.....# .###
#..........#


You could see a worm, an adder and a human zombie.

Vanquished Creatures
  3 adders (D:2)
  2 gnolls
  An ooze (D:3)
  2 worms (D:2)
  5 leopard geckos
  2 bats (D:1)
  2 giant cockroaches (D:1)
  6 goblins
  9 hobgoblins
  7 jackals (D:2)
  5 kobolds (D:1)
  A ball python (D:1)
  A frilled lizard (D:1)
  A jackal skeleton (D:3)
  10 rats
57 creatures vanquished.

Notes
Turn   | Place    | Note
-------+----------+-------------------------------------------
     0 | Abyss:1  | Dawnplanks the Demonspawn Abyssal Knight began the quest for the Orb.
     0 | Abyss:1  | Reached XP level 1. HP: 18/18 MP: 2/2
     2 | Abyss:1  | Found a corrupted altar of Lugonu.
    56 | D:1      | Escaped the Abyss
    79 | D:1      | Reached skill level 1 in Dodging
    86 | D:1      | Reached * piety under Lugonu
   397 | D:1      | Gained mutation: You have sharp fingernails. [demonic ancestry]
   397 | D:1      | Reached XP level 2. HP: 23/24 MP: 4/4
   898 | D:1      | Reached XP level 3. HP: 29/29 MP: 5/5
  1489 | D:2      | Upgraded the game from 0.21-a0-522-ga8338f0 to 0.21-a0-525-ga34b322
  1524 | D:2      | Reached ** piety under Lugonu
  1874 | D:2      | Reached XP level 4. HP: 13/35 MP: 6/6
  2866 | D:3      | Slain by a worm

Vault maps used:
D:1:      lightli_molten_gateway, feat_on_display
D:2:      cheibrodos_gnoll_hut
D:3:      lemuel_doored_altar, dk_yredelemnul_ordeal

Skill      XL: |  1  2  3  4 |
---------------+-------------+-----
Dodging        | 1 2 |  2.0
Long Blades    | 2 |  2.4
Armour         | 2 |  2.6
Invocations    | 3 |  3.6
Fighting       | |  3.6

Action                   |  1- 3 |  4- 6 || total
-------------------------+-------+-------++-------
Melee: Falchion          |    86 |    69 ||   155
Invok: Depart the Abyss  |     1 |       ||     1
  Eat: Chunk             |     3 |     3 ||     6
Armor: Leather armour    |    22 |    15 ||    37
Dodge: Dodged            |    65 |    68 ||   133
       Rpst.: Falchion   |    20 |    30 ||    50

Table legend:
 A = Spawn XP
 B = Non-spawn XP
 C = Spawn XP percentage of total XP
 D = Spawn monster count
 E = Non-spawn monster count
 F = Spawn count percentage of total count
 G = Total turns spent on level
                    A         B        C        D         E        F      G
               +---------+---------+-------+---------+---------+-------+---------
         Total |       0 |     173 |   0.0 |       0 |      57 |   0.0 |  2866
               +---------+---------+-------+---------+---------+-------+---------
           D:1 |       0 |      63 |   0.0 |       0 |      28 |   0.0 |  1412
           D:2 |       0 |      94 |   0.0 |       0 |      23 |   0.0 |  1182
           D:3 |       0 |      16 |   0.0 |       0 |       6 |   0.0 |   216
               +---------+---------+-------+---------+---------+-------+---------
